 Dungeon Crawl Stone Soup version 0.19.5 (webtiles) character file.

557 Keye the Poker (level 7, -3/62 HPs)
             Began as a Naga Fighter on May 12, 2017.
             Slain by a bullfrog (6 damage)
             ... on level 4 of the Dungeon.
             The game lasted 00:05:27 (3382 turns).

Keye the Poker (Naga Fighter)                       Turns: 3382, Time: 00:05:27

Health: -3/62      AC: 10    Str: 24    XL:     7   Next: 30%
Magic:  7/7        EV:  5    Int:  8    God:
Gold:   181        SH:  9    Dex: 12    Spells: 0 memorised, 6 levels left

rFire  + . .     SeeInvis +     a - +0 trident
rCold  . . .     Gourm    .     b - +0 scale mail
rNeg   . . .     Faith    .     c - +0 shield
rPois  +         Spirit   .     p - +0 helmet
rElec  .         Reflect  .     m - +2 cloak
rCorr  .         Harm     .     (no gloves)
MR     .....     Rnd*Tele +     (no barding)
Stlth  ..........               (no amulet)
                                k - ring of protection from fire
                                j - ring of teleportation (curse)

@: mighty, very slow
A: see invisible, deformed body, poison resistance, slowness 2, slow metabolism
1, spit poison 1, AC +2
a: Spit Poison


You were on level 4 of the Dungeon.
You were not hungry.

You visited 1 branch of the dungeon, and saw 4 of its levels.

You collected 181 gold pieces.

Inventory:

Hand Weapons
 a - a +0 trident (weapon)
Missiles
 u - a throwing net (quivered)
Armour
 b - a +0 scale mail (worn)
 c - a +0 shield (worn)
 m - a +2 cloak (worn)
 n - a +0 pair of boots
 p - a +0 helmet (worn)
Jewellery
 j - a cursed ring of teleportation (left hand)
 k - a ring of protection from fire (right hand)
Wands
 r - a wand of disintegration (16/24)
Scrolls
 g - 2 scrolls of amnesia
 s - a scroll of recharging
 v - 2 scrolls of remove curse {unknown}
Potions
 d - 2 potions of might
 e - a potion of degeneration
 i - a potion of magic
 l - a potion of curing {unknown}
 t - a potion of agility {unknown}
Comestibles
 f - 2 bread rations
 h - a meat ration
 o - 15 fruits
 q - a chunk of flesh


   Skills:
 - Level 3.0 Fighting
 + Level 7.8 Polearms
 - Level 2.4 Armour
 - Level 2.4 Shields


You had 6 spell levels left.
You didn't know any spells.

Dungeon Overview and Level Annotations

Branches:
Dungeon (4/15)
 Temple: D:4-7

Altars:
Fedhas
Nemelex Xobeh
Sif Muna


Innate Abilities, Weirdness & Mutations

You cannot wear boots.
Your serpentine skin is tough. (AC +2)
You have supernaturally acute eyesight. (SInv)
Armour fits poorly on your strangely shaped body.
Your system is resistant to poisons. (rPois)
You cover ground very slowly.
You have a slow metabolism.
You can spit poison.


Message History

You closely miss the bullfrog.
The bullfrog is lightly wounded.
The bullfrog hits you but does no damage.
You puncture the bullfrog!
The bullfrog is moderately wounded.
The bullfrog hits you.
* * * LOW HITPOINT WARNING * * *
The bullfrog hits you but does no damage.
Your shield and scale mail prevent you from hitting the bullfrog.
The bullfrog is moderately wounded.
The bullfrog hits you but does no damage.
You barely miss the bullfrog.
The bullfrog is moderately wounded.
The bullfrog hits you.
* * * LOW HITPOINT WARNING * * *
The bullfrog hits you!
* * * LOW HITPOINT WARNING * * *
You feel very mighty all of a sudden. The bullfrog hits you.
You die...

#.......# ##.......#
##........# ###
#.........# ....
........####### .....
.............
###...####...........
....>..@Fso..........
###...####...........
....# #.(.........
... ###.....#### # #
########.....# .#
#......#.....#####.#
#.####.#............
#.#.<#.#............
#.#..#.#............


You could see a bullfrog, an orc wizard and a giant cockroach.

Vanquished Creatures
  Sigmund (D:2)
  The ghost of dark4128 the Sneak, an amateur SpAs of Dithmenos (D:3)
  A scorpion (D:4)
  A bullfrog skeleton (D:4)
  An iguana (D:4)
  An orc wizard (D:3)
  Crazy Yiuf (D:3)
  Jessica (D:3)
  4 gnolls (D:4)
  3 adders
  2 worms (D:2)
  3 dart slugs (D:1)
  A leopard gecko (D:3)
  7 orcs
  6 bats
  3 giant cockroaches
  7 goblins
  8 hobgoblins
  4 jackals
  2 kobolds
  3 quokkas
  2 ball pythons
  5 frilled lizards
  5 rats
73 creatures vanquished.

Notes
Turn   | Place    | Note
-------+----------+-------------------------------------------
     0 | D:1      | Keye the Naga Fighter began the quest for the Orb.
     0 | D:1      | Reached XP level 1. HP: 21/21 MP: 1/1
   254 | D:1      | Reached XP level 2. HP: 27/28 MP: 2/2
   358 | D:1      | Reached skill level 3 in Polearms
   564 | D:2      | Reached XP level 3. HP: 34/34 MP: 3/3
   673 | D:2      | Found a faded altar of an unknown god.
   802 | D:2      | Found a deep blue altar of Sif Muna.
  1025 | D:2      | Noticed Sigmund
  1041 | D:2      | HP: 1/34 [Sigmund/scythe (10)]
  1043 | D:2      | Killed Sigmund
  1043 | D:2      | Reached skill level 5 in Polearms
  1043 | D:2      | Reached XP level 4. HP: 1/42 MP: 4/4
  1043 | D:2      | Reached XP level 5. HP: 2/49 MP: 5/5
  1800 | D:3      | Noticed dark4128's ghost (amateur SpAs)
  1808 | D:3      | Killed dark4128's ghost
  1808 | D:3      | Reached skill level 6 in Polearms
  1808 | D:3      | Reached XP level 6. HP: 56/56 MP: 6/6
  1873 | D:3      | Noticed Jessica
  1882 | D:3      | Killed Jessica
  1885 | D:3      | Found a sparkling altar of Nemelex Xobeh.
  2097 | D:3      | Found a blossoming altar of Fedhas.
  2325 | D:3      | Found a runed door.
  2443 | D:3      | Reached skill level 7 in Polearms
  2506 | D:3      | Noticed Crazy Yiuf
  2518 | D:3      | Killed Crazy Yiuf
  2898 | D:4      | Reached XP level 7. HP: 61/62 MP: 7/7
  3381 | D:4      | HP: 3/62 [bullfrog (7)]
  3382 | D:4      | Slain by a bullfrog

Skill      XL: |  1  2  3  4  5  6 |
---------------+-------------------+-----
Polearms       | 3 5 6 7 |  7.8
Fighting       | |  3.0
Armour         | |  2.4
Shields        | |  2.4

Action                   |  1- 3 |  4- 6 |  7- 9 || total
-------------------------+-------+-------+-------++-------
Melee: Trident           |   138 |   159 |    62 ||   359
 Abil: Spit Poison       |       |     1 |       ||     1
  Use: Scroll            |       |     2 |     5 ||     7
       Potion            |       |       |     1 ||     1
  Eat: Bread ration      |       |     1 |       ||     1
       Chunk             |       |       |     2 ||     2
Armor: Scale mail        |    35 |    39 |    39 ||   113
Dodge: Dodged            |    24 |    18 |    11 ||    53
Block: Shield            |    53 |    56 |    31 ||   140
